 Dungeon Crawl Stone Soup version 0.30.1-9-gdf580d7c3d (webtiles) character file.

Game seed: 8938040357392388672

3467 QuarterMac the Grappler (level 9, -7/85 HPs)
             Began as a Troll Berserker on Oct 13, 2023.
             Was an Elder of Trog.
             Mangled by an orc warrior
             ... wielding a +0 glaive
              (17 damage)
             ... in a bailey on Oct 14, 2023.
             The game lasted 01:15:19 (7487 turns).

QuarterMac the Grappler (Troll Berserker)           Turns: 7487, Time: 01:15:19

Health: -7/85      AC:  8    Str: 37    XL:     9   Next: 78%
Magic:  8/8        EV: 12    Int:  3    God:    Trog [****..]
Gold:   350        SH:  0    Dex: 15    Spells: 8/8 levels left

rFire   . .          .
                       - Unarmed
rCold   . . .        (no shield)
rNeg    . . .        C - +0 troll leather armour {Pargi}
rPois   .            (helmet restricted)
rElec   .            O - +0 cloak
rCorr   .            (gloves unavailable)
SInv    .            (boots unavailable)
Will    .....        (no amulet)
Stlth   ++           m - +6 ring of strength
HPRegen 1.94/turn    z - +6 ring of dexterity
MPRegen 0.11/turn

%: no passive effects
@: on berserk cooldown, slowed, very slow
A: large, unfitting armour, claws 3, regeneration 1, shaggy fur 1, tough skin 1
a: Renounce Religion, Berserk, Trog's Hand, Brothers in Arms


You were in a bailey.
You worshipped Trog.
Trog was greatly pleased with you.
You visited 2 branches of the dungeon, and saw 8 of its levels.
You also visited: Bailey.

You collected 350 gold pieces.

Inventory:

Hand Weapons
 e - a +0 bardiche
 i - a +0 glaive
 o - a +0 club
 r - a +0 long sword
 N - a +4 quarterstaff of chaos
 P - a +0 hammer
 Q - a +0 mace
Armour
 a - a +0 animal skin
 f - a +2 pair of gloves
 y - a +0 scale mail
 C - a +0 troll leather armour (worn) {Pargi}
 O - a +0 cloak (worn)
 W - a +0 cloak
Jewellery
 m - a +6 ring of strength (left claw)
 t - a ring of protection from cold
 z - a +6 ring of dexterity (right claw)
 F - an amulet of faith
 L - an amulet of reflection
Wands
 n - a wand of light (7)
 E - a wand of digging (8)
 G - a wand of roots (14)
 I - a wand of paralysis (8)
Scrolls
 b - 11 scrolls of identify {unknown}
 d - 3 scrolls of teleportation {unknown}
 k - 2 scrolls of poison {unknown}
 l - 4 scrolls of immolation {unknown}
 p - a scroll of brand weapon {unknown}
 q - a scroll of enchant weapon {unknown}
 u - a scroll of fear {unknown}
 w - a scroll of torment {unknown}
 x - 4 scrolls of fog {unknown}
 A - 2 scrolls of vulnerability {unknown}
 B - a scroll of silence {unknown}
 H - a scroll of magic mapping {unknown}
 K - a scroll of blinking
 V - 2 scrolls of butterflies {unknown}
 Z - a scroll of noise {unknown}
Potions
 c - a potion of cancellation {unknown}
 g - a potion of invisibility {unknown}
 h - 6 potions of curing {unknown}
 j - 4 potions of lignification {unknown}
 s - a potion of might {unknown}
 v - 2 potions of ambrosia {unknown}
 D - a potion of magic {unknown}
 J - 4 potions of resistance {unknown}
 M - a potion of haste {unknown}
 R - a potion of heal wounds {unknown}
 S - a potion of brilliance {unknown}


   Skills:
 + Level 4.4 Fighting
 + Level 4.9 Armour
 + Level 5.9 Dodging
 + Level 1.1 Stealth
 + Level 10.1 Unarmed Combat


You had 8 spell levels left.
You didn't know any spells.
Your spell library contained the following spells:

 Spells                   Type           Power      Damage    Failure   Level
 Summon Forest            Summ/Tloc      0%         N/A       100%        5
 Summon Mana Viper        Hex/Summ       0%         N/A       100%        5
 Summon Cactus Giant      Summ           0%         N/A       100%        6


Dungeon Overview and Level Annotations

Branches:
Dungeon (7/15)             Temple (1/1) D:5          Bailey (1/1)

Altars:
Ashenzari
Cheibriados
Dithmenos
Elyvilon
Fedhas
Gozag
Hepliaklqana
Kikubaaqudgha
Makhleb
Okawaru
Qazlal
Ru
Sif Muna
Trog
Uskayaw
Wu Jian
Xom
Yredelemnul
Zin


Innate Abilities, Weirdness & Mutations

You are too large for most types of armour.
You have claws for hands.
Your natural rate of healing is unusually fast.
You are covered in fur. (AC +1)
You have tough skin. (AC +1)


Message History

The orc hits you from afar with a +0 spear.
You scratch the orc warrior but do no damage.
You scratch the orc warrior.
The orc warrior is lightly wounded.
The orc warrior hits you with a +0 glaive!
The orc closely misses you.
The orc warrior hits you from afar with a +0 glaive!
* * * LOW HITPOINT WARNING * * *
The orc warrior barely misses you.
Things that are here:
a +0 spear; a +0 chain mail; an orc corpse A red film seems to cover your vision as you go berserk!
You feel yourself moving faster!
You feel mighty!
The orc warrior hits you from afar with a +0 glaive!
* * * LOW HITPOINT WARNING * * *
The orc warrior hits you from afar with a +0 glaive.
* * * LOW HITPOINT WARNING * * *
You feel a strong urge to attack something.
You feel your anger nearly subside.
You are no longer berserk.
You are exhausted.
You feel yourself slow down. The orc warrior closely misses you.
The orc barely misses you.
The orc warrior hits you from afar with a +0 glaive!
* * * LOW HITPOINT WARNING * * *
The orc warrior barely misses you. The orc hits you but does no damage.
The orc warrior closely misses you.
You mangle the orc warrior!!
The orc warrior is severely wounded.
The orc warrior misses you. The orc barely misses you.
The orc warrior barely misses you. The orc warrior closely misses you.
The orc hits you but does no damage.
The orc warrior hits you with a +0 glaive.
* * * LOW HITPOINT WARNING * * *
The orc warrior hits you from afar with a +0 glaive!
* * * LOW HITPOINT WARNING * * *
The orc hits you from afar with a +0 spear.
* * * LOW HITPOINT WARNING * * *
The orc warrior hits you from afar with a +0 glaive!
You die...

#. ♣≈≈≈≈≈...#
####.$#..♣≈≈≈≈..♣.##
.....#...≈≈≈≈.....###
...##.♣.≈≈≈≈..♣....♣♣♣
#..#....≈≈≈≈.........♣♣
#8.#...######.........♣
#..#...............∩..♣
#.)'...)....o.........♣
#..'...)....o.@.......♣
#..#........o......∩..♣
#8.#...######.........♣
#.o#....≈≈≈≈..♣......♣♣
....##...≈≈≈≈..♣♣...♣♣♣
......#...≈≈≈≈.....###
####.$#..≈≈≈≈≈..####
####..≈≈≈≈...#
≈≈≈≈≈..♣#


You could see 2 orc warriors and an orc.

Vanquished Creatures
  The ghost of Kazon the Grave Robber, a novice DsNe of Okawaru (D:6)
  The ghost of Scrimshaw the Insei, an amateur OpTm (D:4)
  Duvessa (D:7)
  2 sky beasts
  2 orc warriors (Bailey)
  Pargi (D:3)
  2 ice beasts (D:6)
  A hornet zombie (D:4)
  2 centaurs
  10 kobold brigands (D:6)
  2 scorpions
  4 wights (D:7)
  Dowan (D:7)
  A water moccasin skeleton (D:4)
  A jelly (D:5)
  A howler monkey (D:5)
  A quasit (D:6)
  A bullfrog zombie (D:4)
  Crazy Yiuf (D:3)
  4 orc priests
  3 iguanas
  Ijyb (D:3)
  Jessica (D:3)
  2 orc wizards (D:5)
  4 gnolls (D:6)
  10 adders
  4 shadow imps
  4 white imps (D:6)
  2 ufetubi
  3 worms
  23 orcs
  7 endoplasms
  2 giant cockroaches
  7 goblins
  6 hobgoblins
  5 jackals (D:1)
  5 kobolds
  2 quokkas
  8 ball pythons
  10 bats
  2 frilled lizards
  6 rats
157 creatures vanquished.

Notes
Turn   | Place    | Note
-------+----------+-------------------------------------------
     0 | D:1      | QuarterMac the Troll Berserker began the quest for the Orb.
     0 | D:1      | Reached XP level 1. HP: 22/22 MP: 0/0
    99 | D:1      | Reached XP level 2. HP: 22/29 MP: 1/1
   659 | D:1      | Reached XP level 3. HP: 36/36 MP: 2/2
  1021 | D:1      | Reached ** piety under Trog
  2035 | D:3      | Reached XP level 4. HP: 44/44 MP: 3/3
  2178 | D:3      | Found a basalt altar of Yredelemnul.
  2190 | D:3      | Reached skill level 4 in Unarmed Combat
  2209 | D:3      | Noticed Pargi
  2223 | D:3      | Killed Pargi
  2224 | D:3      | Reached XP level 5. HP: 26/52 MP: 4/4
  2388 | D:3      | Noticed Jessica
  2394 | D:3      | Killed Jessica
  2455 | D:3      | Noticed Ijyb
  2464 | D:3      | Killed Ijyb
  2465 | D:3      | Reached skill level 5 in Unarmed Combat
  3115 | D:3      | Found a runed translucent door.
  3116 | D:3      | Noticed Crazy Yiuf
  3121 | D:3      | Killed Crazy Yiuf
  3122 | D:3      | Reached XP level 6. HP: 59/59 MP: 5/5
  3623 | D:4      | Found a runed translucent gate.
  3624 | D:4      | Found a runed translucent gate.
  3625 | D:4      | Found a runed translucent gate.
  3699 | D:4      | Reached skill level 1 in Armour
  4098 | D:4      | Noticed Scrimshaw's ghost (amateur OpTm)
  4156 | D:4      | Killed Scrimshaw's ghost
  4156 | D:4      | Reached *** piety under Trog
  4157 | D:4      | Reached skill level 6 in Unarmed Combat
  4157 | D:4      | Reached XP level 7. HP: 43/67 MP: 6/6
  4480 | D:5      | Entered Level 5 of the Dungeon
  4498 | D:5      | Found a staircase to the Ecumenical Temple.
  4897 | D:5      | You fall into a shaft and drop 1 floor!
  4979 | D:6      | Reached XP level 8. HP: 75/75 MP: 7/7
  5032 | D:6      | Reached skill level 7 in Unarmed Combat
  5056 | D:6      | Found a runed translucent gate.
  5056 | D:6      | Noticed Kazon's ghost (novice DsNe)
  5057 | D:6      | Found a runed translucent gate.
  5057 | D:6      | Found a runed translucent gate.
  5083 | D:6      | Reached skill level 5 in Dodging
  5094 | D:6      | Killed Kazon's ghost
  5095 | D:6      | Reached skill level 8 in Unarmed Combat
  5099 | D:6      | Reached XP level 9. HP: 52/84 MP: 8/8
  5262 | D:6      | Reached **** piety under Trog
  5273 | D:6      | Reached skill level 9 in Unarmed Combat
  5748 | D:5      | Found a snail-covered altar of Cheibriados.
  5749 | D:5      | Found an iron altar of Okawaru.
  5999 | Temple   | Entered the Ecumenical Temple
  7062 | D:7      | Noticed Duvessa
  7062 | D:7      | Noticed Dowan
  7071 | D:7      | Killed Duvessa
  7072 | D:7      | Killed Dowan
  7206 | D:7      | Reached skill level 1 in Stealth
  7336 | D:7      | Found a burning altar of Makhleb.
  7382 | D:7      | Found a flagged portal.
  7399 | Bailey   | Entered a bailey
  7438 | Bailey   | Reached skill level 10 in Unarmed Combat
  7487 | Bailey   | Mangled by an orc warrior

Illustrated notes

Levels and vault maps discovered:
D:1:      heliophobic_arrival_battle_scene, layout_basic,
          dreamdust_princess_bridge, minmay_quantized
D:2:      layout_loops_ring
D:3:      layout_loops_cross, lemuel_crystal_altar, uniq_pargi, uniq_ijyb,
          uniq_jessica, uniq_crazy_yiuf_cottage
D:4:      layout_cave_pools, gammafunk_ghost_necromancy,
          chequers_serial_rivers_room_a
D:5:      layout_basic, gammafunk_temple_overflow_wave,
          minmay_temple_entry_mini_moons
D:6:      layout_loops_ring, gammafunk_ghost_nasty_kobolds, serial_demonic,
          serial_demonic_c, serial_demonic_a, serial_demonic_c,
          serial_demonic_b, minivault_25
D:7:      layout_gridville, tso_metal_star, lemuel_round_altar,
          nemelex_spade_bored_becter, enter_bailey_2, skrybe_limestone_x,
          hellmonk_no_cap, uniq_duvessa
Temple:   hellmonk_temple_two_chambers
Bailey:   bailey_polearm_elven_captive_hellmonk, bailey

Skill      XL: |  1  2  3  4  5  6  7  8  9 |
---------------+----------------------------+-----
Dodging        | 3 4 5 |  5.9
Unarmed Combat | 4 5 6 8 10 | 10.1
Fighting       | 3 4 |  4.4
Armour         | 2 3 4 |  4.9
Stealth        | 1 |  1.1

Action                     |  1- 3 |  4- 6 |  7- 9 || total
---------------------------+-------+-------+-------++-------
  Melee: Unarmed           |   121 |   102 |   243 ||   466
         Punch             |     1 |     8 |    18 ||    27
 Invoke: Berserk           |       |       |     1 ||     1
    Use: Scroll            |       |       |     1 ||     1
   Stab: Sleeping          |       |     1 |       ||     1
 Armour: Animal skin       |   128 |    22 |       ||   150
         Troll leather arm |       |    39 |    90 ||   129
  Dodge: Dodged            |   159 |    69 |   167 ||   395
